 Dungeon Crawl Stone Soup version 0.30.1-9-gdf580d7c3d (webtiles) character file.

Game seed: 9666579406149792201

65 monsoonserge the Grasshopper (level 3, -2/27 HPs)
             Began as a Demonspawn Warper on Oct 23, 2023.
             Succumbed to Terence's poison
             ... on level 2 of the Dungeon.
             The game lasted 00:05:44 (1418 turns).

monsoonserge the Grasshopper (Demonspawn Warper)    Turns: 1418, Time: 00:05:45

Health: -2/27      AC:  9    Str: 11    XL:     3   Next: 92%
Magic:  5/6        EV: 11    Int: 14    God:
Gold:   127        SH:  0    Dex: 14    Spells: 4/6 levels left

rFire   . . .        a - +0 falchion
rCold   . . .        (no shield)
rNeg    . . .        p - +0 ring mail
rPois   .            q - +0 helmet
rElec   .            i - +2 cloak
rCorr   .            (no gloves)
SInv    .            (no boots)
Will    +....        (no amulet)
Stlth   +            (no ring)
HPRegen 0.24/turn    (no ring)
MPRegen 0.10/turn

%: no passive effects
@: lethally poisoned (-2 -> -15)
A: powered by pain 1, strong-willed 1, wild magic 1
a: no special abilities


You were on level 2 of the Dungeon.
You visited 1 branch of the dungeon, and saw 3 of its levels.

You collected 127 gold pieces.

Inventory:

Hand Weapons
 a - a +0 falchion (weapon)
Missiles
 d - 4 boomerangs of dispersal (quivered)
 j - 7 poisoned darts
Armour
 b - a +0 leather armour
 i - a +2 cloak (worn)
 p - a +0 ring mail (worn)
 q - a +0 helmet (worn)
Scrolls
 c - 3 scrolls of blinking
 f - 3 scrolls of identify {unknown}
 g - a scroll of fog {unknown}
 k - a scroll of fear {unknown}
 l - a scroll of immolation {unknown}
 m - a scroll of brand weapon {unknown}
 n - a scroll of teleportation {unknown}
 s - a scroll of amnesia {unknown}
Potions
 e - 2 potions of curing
 h - a potion of mutation
 o - a potion of flight
 r - a potion of ambrosia {unknown}


   Skills:
 + Level 2.0 Fighting
 + Level 2.5 Long Blades
 + Level 0.8 Throwing
 * Level 2.1 Armour
 + Level 2.3 Dodging
 + Level 0.1 Stealth
 - Level 2.0 Spellcasting
 + Level 3.0 Translocations


You had 4 spell levels left.
You knew the following spells:

 Your Spells              Type           Power      Damage    Failure   Level
a - Blink                 Tloc           24%        N/A       32%         2

Your spell library contained the following spells:

 Spells                   Type           Power      Damage    Failure   Level
 Lesser Beckoning         Tloc           24%        N/A       32%         2
 Teleport Other           Tloc           12%        N/A       52%         3
 Vhi's Electric Charge    Tloc/Air       14%        N/A       73%         3
 Manifold Assault         Tloc           12%        N/A       89%         4


Dungeon Overview and Level Annotations

Branches:
Dungeon (3/15)

Altars:

Annotations:
D:2 Terence


Innate Abilities, Weirdness & Mutations

You sometimes gain a little power by taking damage.
You are strong-willed. (Will+)
Your spells are a little harder to cast, but a little more powerful.


Message History

Terence is moderately wounded.
You feel sick.
Terence hits you with a +2 short sword of venom.
You are more poisoned.
Throw: 6 boomerangs (disperse)
Press: ? - help, Q - select action, (/) - cycle Shift-Dir - straight line, f/p - Terence
Aim: Terence, wielding a +2 short sword of venom and wearing a +0 scale mail (moderately wounded, 63% to hit)
You throw a boomerang of dispersal.
The boomerang of dispersal hits Terence and shatters for extra damage.
Terence blinks!
Terence is heavily wounded.
You feel stable enough to blink again.
You feel very sick.
The dart slug bites you but does no damage.
You hit the dart slug.
The dart slug is heavily wounded.
You feel very sick.
The dart slug bites you but does no damage.
You hit the dart slug but do no damage.
The dart slug is heavily wounded.
You feel sick. The dart slug completely misses you.
You hit the dart slug.
The dart slug is severely wounded.
You feel sick. Terence closely misses you.
The dart slug bites you but does no damage.
You barely miss the dart slug.
The dart slug is severely wounded.
You feel sick.
Terence hits you with a +2 short sword of venom.
* * * LOW HITPOINT WARNING * * *
You are more poisoned.
Unknown command.
Throw: 5 boomerangs (disperse)
Press: ? - help, Q - select action, (/) - cycle Shift-Dir - straight line, f/p - Terence
Aim: Terence, wielding a +2 short sword of venom and wearing a +0 scale mail (heavily wounded, 63% to hit)
You throw a boomerang of dispersal.
The boomerang of dispersal hits Terence and shatters for extra damage.
Terence blinks!
Terence is severely wounded.
You die...

#...................
.....
#........#.........#
.###.
#.###......#####....
#......#...†......##
####.#............
#....#...........
#...............#
###...§w.........
####@..........
#.....@.....
#...#.###...
#..##..# ## #..#
#..# #..# #... ####
###


You could see Terence and a dart slug.

Vanquished Creatures
  Robin (D:3)
  An adder (D:2)
  A worm (D:2)
  A dart slug (D:2)
  2 bats
  An endoplasm (D:2)
  2 giant cockroaches
  7 goblins
  10 hobgoblins
  3 kobolds
  A quokka (D:2)
  3 ball pythons
  A frilled lizard (D:2)
  2 rats
36 creatures vanquished.

Notes
Turn   | Place    | Note
-------+----------+-------------------------------------------
     0 | D:1      | monsoonserge the Demonspawn Warper began the quest for the
                  | Orb.
     0 | D:1      | Reached XP level 1. HP: 16/16 MP: 3/3
   235 | D:1      | Reached skill level 3 in Translocations
   327 | D:1      | Gained mutation: You sometimes gain a little power by
                  | taking damage. [demonic ancestry]
   327 | D:1      | Reached XP level 2. HP: 22/22 MP: 5/5
   359 | D:1      | Reached skill level 1 in Armour
  1020 | D:2      | Learned a level 2 spell: Blink
  1031 | D:2      | Noticed Robin
  1040 | D:2      | Gained mutation: You are strong-willed. (Will+) [potion of
                  | mutation]
  1040 | D:2      | Gained mutation: Your spells are a little harder to cast,
                  | but a little more powerful. [potion of mutation]
  1060 | D:2      | Reached XP level 3. HP: 8/27 MP: 6/6
  1242 | D:3      | Killed Robin
  1400 | D:2      | Noticed Terence
  1418 | D:2      | Succumbed to Terence's poison

Illustrated notes

Levels and vault maps discovered:
D:1:      nzn_arrival_depleted_hourglass, layout_loops_corners,
          grunt_decor_junction
D:2:      layout_rooms, uniq_terence, uniq_robin
D:3:      layout_loops_corners, dreamdust_mushroom_princess

Skill      XL: |  1  2  3 |
---------------+----------+-----
Translocations | 3 |  3.0
Long Blades    | 2 |  2.5
Armour         | 1 2 |  2.1
Dodging        | 2 |  2.3
Fighting       | |  2.0
Throwing       | |  0.8
Stealth        | |  0.1
Spellcasting   | |  2.0

Action                     || total
---------------------------++-------
  Melee: Falchion          ||   141
         Punch             ||     2
  Throw: Boomerang         ||     3
   Cast: Blink             ||     3
    Use: Potion            ||     4
 Armour: Leather armour    ||    20
         Ring mail         ||    50
  Dodge: Dodged            ||   113
